 Dungeon Crawl Stone Soup version 0.27-a0-1572-gacd6f1ce93 (webtiles) character file.

Game seed: 17041008419289061756

136 MirrMurr the Poker (level 4, -1/34 HPs)
             Began as a Demonspawn Gladiator on July 17, 2021.
             Slain by a black bear (11 damage)
             ... on level 4 of the Dungeon.
             The game lasted 00:04:38 (3175 turns).

MirrMurr the Poker (Demonspawn Gladiator)           Turns: 3175, Time: 00:04:39

Health: -1/34      AC:  5    Str: 15    XL:     4   Next: 98%
Magic:  4/4        EV: 12    Int: 10    God:
Gold:   127        SH:  0    Dex: 14    Spells: 3/3 levels left

rFire    . . .     SeeInvis .   a - +0 trident
rCold    . . .     Faith    .   (no shield)
rNeg     . . .     Spirit   .   t - +0 leather armour
rPois    .         Reflect  .   c - +0 helmet
rElec    .         Harm     .   k - +0 cloak
rCorr    .         Rampage  .   (no gloves)
Will     .....                  (no boots)
Stlth    +.........             (no amulet)
HPRegen  0.11/turn              (no ring)
MPRegen  0.18/turn              (no ring)

@: no status effects
A: foul stench 1, magic regeneration
a: no special abilities


You were on level 4 of the Dungeon.
You visited 1 branch of the dungeon, and saw 4 of its levels.

You collected 127 gold pieces.

Inventory:

Hand Weapons
 a - a +0 trident (weapon)
 b - a +0 hunting sling
Missiles
 d - 3 throwing nets
 g - 24 stones
 i - 7 poisoned darts
 j - 40 sling bullets
 o - 5 boomerangs (quivered)
Armour
 c - a +0 helmet (worn)
 k - a +0 cloak (worn)
 t - a +0 leather armour (worn)
Scrolls
 f - a scroll of blinking {unknown}
 h - a scroll of immolation {unknown}
 l - a scroll of amnesia {unknown}
 n - a scroll of identify {unknown}
 q - a scroll of teleportation {unknown}
Potions
 e - 5 potions of heal wounds {unknown}
 m - a potion of invisibility {unknown}
 p - a potion of brilliance {unknown}
 r - 2 potions of cancellation {unknown}
 s - a potion of lignification {unknown}


   Skills:
 + Level 2.7 Fighting
 * Level 3.6 Polearms
 + Level 2.5 Throwing
 + Level 1.5 Armour
 + Level 3.1 Dodging


You had 3 spell levels left.
You didn't know any spells.
Your spell library was empty.

Dungeon Overview and Level Annotations

Branches:
Dungeon (4/15)
 Temple: D:4-7

Altars:
Uskayaw


Innate Abilities, Weirdness & Mutations

You may rarely emit foul miasma when damaged in melee.
You regenerate magic rapidly.


Message History

You feel sick.
You feel sick.
There is a stone staircase leading up, spattered with blood here.
You feel sick.
You climb upwards.
You feel sick.
You are no longer poisoned.
There is a stone staircase leading down here.
HP restored.
Done exploring.
You climb downwards.
There is a stone staircase leading up, spattered with blood here.
Okay, then.
A black bear comes into view.
Found 13 gold pieces.
The black bear growls angrily.
You reach to attack!
You puncture the black bear!
The black bear is moderately wounded.
You puncture the black bear!
The black bear is heavily wounded.
The black bear bites you. The black bear barely misses you.
The black bear claws you.
You puncture the black bear!
The black bear is severely wounded.
The black bear goes berserk!
You hit the black bear.
The black bear is almost dead.
The black bear bites you. The black bear claws you. x2
The black bear misses you. The black bear claws you.
The black bear claws you but does no damage.
You are too injured to fight recklessly!
You are too injured to fight recklessly!
You are too injured to fight recklessly!
You hit the black bear.
The black bear is almost dead.
The black bear closely misses you. x2; The black bear claws you.
* * * LOW HITPOINT WARNING * * *
You hit the black bear but do no damage.
The black bear is almost dead.
The black bear bites you!
You die...

#.... ...........
#.... .... .....
#...###..##...#
#.............##.
....#._.#.......
................
#........$...
+....@h...$..
#.<..(.......
##รท..#######.
#...# #.....
.......
..........
...........
.##.......#


You could see a black bear (berserk).

Vanquished Creatures
  An iguana (D:4)
  4 adders
  2 adder skeletons
  2 worms (D:2)
  2 orcs (D:3)
  6 bats
  4 endoplasms
  A giant cockroach (D:3)
  8 goblins
  7 hobgoblins
  5 jackals
  5 kobolds
  A quokka (D:1)
  3 ball pythons
  3 frilled lizards
  5 rats
59 creatures vanquished.

Vanquished Creatures (others)
  4 fungi (D:1)
  11 plants (D:1)
15 creatures vanquished.

Grand Total: 74 creatures vanquished

Notes
Turn   | Place    | Note
-------+----------+-------------------------------------------
     0 | D:1      | MirrMurr the Demonspawn Gladiator began the quest for the
                  | Orb.
     0 | D:1      | Reached XP level 1. HP: 16/16 MP: 1/1
   431 | D:1      | Gained mutation: You may rarely emit foul miasma when
                  | damaged in melee. [demonic ancestry]
   431 | D:1      | Reached XP level 2. HP: 18/22 MP: 2/2
   914 | D:1      | Found a faded altar of an unknown god.
  1169 | D:2      | Gained mutation: You regenerate magic rapidly. [demonic
                  | ancestry]
  1169 | D:2      | Reached XP level 3. HP: 7/27 MP: 3/3
  1534 | D:2      | Reached skill level 1 in Armour
  1716 | D:2      | Reached XP level 4. HP: 13/34 MP: 4/4
  2931 | D:4      | Found a hide-covered altar of Uskayaw.
  3167 | D:4      | Noticed a black bear
  3175 | D:4      | Slain by a black bear

Illustrated notes

Levels and vault maps discovered:
D:1:      dpeg_arrival_radiant, layout_rooms,
          shapermc_ecumenical_altar_mp_urbaneastern, hangedman_glass_garden,
          minivault_23, minmay_tromino_v2
D:2:      minmay_spotlight, layout_loops_ring
D:3:      layout_rooms
D:4:      layout_gridville, jmf_multi_god_temple2,
          mainiacjoe_overflow_tiny_flanked, grunt_ministairs_9,
          kennysheep_generic_room_10, uniq_purgy, uniq_eustachio, uniq_pikel

Skill      XL: |  1  2  3 |
---------------+----------+-----
Throwing       | 2 |  2.5
Polearms       | 3 |  3.6
Armour         | 1 |  1.5
Dodging        | 3 |  3.1
Fighting       | |  2.7

Action                   |  1- 3 |  4- 6 || total
-------------------------+-------+-------++-------
Melee: Trident           |   104 |    90 ||   194
 Fire: Hunting sling     |       |     2 ||     2
 Stab: Sleeping          |     1 |     1 ||     2
Armor: Leather armour    |    26 |    22 ||    48
Dodge: Dodged            |    57 |    65 ||   122

Table legend: (Time is in decaauts)
 A = Elapsed time spent in this place.
 B = Non-inter-level travel time spent in this place.
 C = Inter-level travel time spent in this place.
 D = Time resting spent in this place.
 E = Time spent auto-exploring this place.
 F = Levels seen in this place.
 G = Mean time per level.
                   A        B        C        D        E       F      G
               +--------+--------+--------+--------+--------+-----+--------+
         Total |   3201 |   3088 |    113 |      0 |   2638 |   4 |  800.2 |
       Dungeon |   3201 |   3088 |    113 |      0 |   2638 |   4 |  800.2 |
               +--------+--------+--------+--------+--------+-----+--------+

Top non-repeatable levels by time:
     D:1: 1359 daAuts
     D:2: 1005 daAuts
     D:3: 802 daAuts
     D:4: 34 daAuts
